 Dungeon Crawl Stone Soup version 0.30.1-8-g117510f58f (webtiles) character file.

Game seed: 4594900405934661206

863 booth the Caller (level 8, 0/58 HPs)
             Began as a Gnoll Summoner on Sept 22, 2023.
             Slain by a gnoll sergeant
             ... wielding a +0 trident
              (8 damage)
             ... on level 6 of the Dungeon.
             The game lasted 00:41:55 (5806 turns).

booth the Caller (Gnoll Summoner)                   Turns: 5806, Time: 00:41:56

Health: 0/58       AC:  6    Str:  8    XL:     8   Next: 3%
Magic:  7/16       EV: 13    Int: 17    God:
Gold:   225        SH:  5    Dex: 12    Spells: 3/18 levels left

rFire   . . .        j - +2 whip (venom)
rCold   . . .        (no shield)
rNeg    . . .        n - +1 leather armour
rPois   .            (no helmet)
rElec   .            i - +1 cloak
rCorr   .            (no gloves)
SInv    .            (no boots)
Will    .....        l - amulet of reflection
Stlth   +++          (no ring)
HPRegen 0.29/turn    (no ring)
MPRegen 0.15/turn

%: reflection
@: hasted, very quick
A: fangs 1, strong nose, distributed training
a: no special abilities


You were on level 6 of the Dungeon.
You visited 1 branch of the dungeon, and saw 6 of its levels.
You also visited: Sewer and Ossuary.

You collected 225 gold pieces.

Inventory:

Hand Weapons
 g - a +0 hand axe
 j - a +2 whip of venom (weapon)
 r - a +1 dagger of draining
 t - a +0 mace
Missiles
 A - 16 poisoned darts (quivered)
Armour
 i - a +1 cloak (worn)
 n - a +1 leather armour (worn)
Jewellery
 l - an amulet of reflection (around neck)
 p - a ring of fire
 z - an amulet of magic regeneration
Wands
 u - a wand of roots (10)
Scrolls
 d - a scroll of vulnerability
 e - 3 scrolls of fog
 k - a scroll of enchant weapon {unknown}
 o - 4 scrolls of teleportation
 q - a scroll of poison
 v - a scroll of brand weapon {unknown}
 w - 2 scrolls of magic mapping
 y - 2 scrolls of silence
 B - a scroll of butterflies {unknown}
 C - a scroll of blinking {unknown}
Potions
 a - a potion of cancellation
 b - 6 potions of magic
 c - 2 potions of brilliance
 f - a potion of ambrosia {unknown}
 h - 2 potions of lignification
 m - a potion of haste
 s - 2 potions of might {unknown}
 x - 2 potions of flight {unknown}


   Skills:
 + Level 3.0 Fighting
 + Level 3.0 Short Blades
 + Level 3.0 Long Blades
 + Level 3.0 Axes
 + Level 3.0 Maces & Flails
 + Level 3.0 Polearms
 + Level 3.0 Staves
 + Level 3.0 Ranged Weapons
 + Level 3.0 Throwing
 + Level 3.0 Armour
 + Level 5.5 Dodging
 + Level 5.2 Stealth
 + Level 3.0 Shields
 + Level 3.0 Unarmed Combat
 + Level 5.9 Spellcasting
 + Level 2.4 Conjurations
 + Level 2.4 Hexes
 + Level 7.5 Summonings
 + Level 2.4 Necromancy
 + Level 2.4 Translocations
 + Level 2.4 Transmutations
 + Level 2.4 Fire Magic
 + Level 2.4 Ice Magic
 + Level 2.4 Air Magic
 + Level 2.4 Earth Magic
 + Level 2.4 Poison Magic
 + Level 3.3 Invocations
 + Level 3.0 Evocations


You had 3 spell levels left.
You knew the following spells:

 Your Spells              Type           Power      Damage    Failure   Level
a - Summon Small Mammal   Summ           100%       N/A       1%          1
b - Call Imp              Summ           60%        N/A       1%          2
c - Call Canine Familiar  Summ           30%        N/A       2%          3
d - Summon Guardian Gole  Hex/Summ       22%        N/A       7%          3
e - Summon Lightning Spi  Summ/Air       22%        N/A       24%         4
f - Wereblood             Tmut           13%        N/A       11%         2

Your spell library contained the following spells:

 Spells                   Type           Power      Damage    Failure   Level
 Slow                     Hex            52%        N/A       7%          1
 Sublimation of Blood     Necr           13%        N/A       11%         2
 Confusing Touch          Hex            13%        N/A       21%         3
 Stone Arrow              Conj/Erth      26%        3d8       21%         3
 Vampiric Draining        Necr           13%        2d6       21%         3
 Animate Armour           Summ/Erth      44%        N/A       24%         4
 Summon Hydra             Summ           15%        N/A       100%        7
 Lehudib's Crystal Spear  Conj/Erth      6%         10d3      100%        8


Dungeon Overview and Level Annotations

Branches:
Dungeon (6/15)              Sewer (visited)         Ossuary (visited)
 Temple: D:4-7

Altars:
Cheibriados
Elyvilon
Ru
Trog
The Shining One

Shops:
D:2 (

Annotations:
D:3 2 transporters, jujuben's ghost, amateur OpFE


Innate Abilities, Weirdness & Mutations

You have very sharp teeth.
Your uncanny sense of smell can sniff out nearby items.
Your experience applies equally to all skills.


Message History

Casting: Summon Guardian Golem (dangerous; 7% risk of failure)
Confirm with . or Enter, or press ? or * to list all spells.
The gnoll hits you from afar with a +0 spear.
The gnoll sergeant hits you from afar with a +0 trident!
Your hound barely misses the gnoll sergeant.
The gnoll sergeant blocks your cerulean imp's attack.
Casting: Summon Small Mammal (safe; 1% risk of failure)
Confirm with . or Enter, or press ? or * to list all spells.
Your hound barely misses the gnoll sergeant.
The gnoll misses you. You block the gnoll sergeant's attack.
Your hound bites the gnoll sergeant but does no damage.
Your cerulean imp hits the gnoll sergeant but does no damage.
You block the gnoll sergeant's attack. The gnoll closely misses you.
The gnoll sergeant blocks your hound's attack.
Your quokka barely misses the gnoll.
Your cerulean imp hits the gnoll sergeant from afar with a -1 spear.
Your hound closely misses the gnoll sergeant.
The gnoll sergeant hits you from afar with a +0 trident!
* * * LOW HITPOINT WARNING * * *
The gnoll hits you with a +0 spear!
* * * LOW HITPOINT WARNING * * *
Your quokka bites the gnoll.
The gnoll sergeant blocks your hound's attack.
Your cerulean imp hits the gnoll sergeant but does no damage.
You barely miss the gnoll. You bite the gnoll, but do no damage.
The gnoll is lightly wounded.
The gnoll sergeant barely misses you.
Your quokka bites the gnoll.
Your hound bites the gnoll sergeant but does no damage.
The gnoll sergeant blocks your cerulean imp's attack.
You hit the gnoll.
The gnoll is poisoned.
Your bite misses the gnoll.
The gnoll is heavily wounded.
Your hound bites the gnoll sergeant.
Your quokka barely misses the gnoll.
The gnoll sergeant closely misses you. The gnoll barely misses you.
Your quokka barely misses the gnoll.
Your quokka bites the gnoll but does no damage.
Your hound barely misses the gnoll sergeant.
Your cerulean imp hits the gnoll sergeant from afar with a -1 spear.
You feel yourself speed up.
Your quokka barely misses the gnoll.
The gnoll sergeant hits you from afar with a +0 trident!
You die...

#....# #....###+###
#..........#
#..........+
#..).5.....#
#.h9.......#.....
#..g.#######....
#.r..#.....)...##+##
#.g@.#.........#....
#..r.+.........#....
#....#.........#....
#....#.........#....
####'##+#......#....
#.......#......#....
#.......#.)....#....
#.......#......'....
#.......#......#....


You could see a gnoll sergeant (ally target), a gnoll (very poisoned, ally
target), a friendly guardian golem (summoned), a friendly hound (summoned,
sheltered), a friendly cerulean imp (summoned, sheltered) and 2 friendly
quokkas.

Vanquished Creatures
  A hound (D:4)
  A jelly (D:5)
  2 orc wizards (D:4)
  A mummy (Ossuary)
  An adder (D:4)
  A river rat (Sewer)
  3 worms
  2 dart slugs
  6 orcs
  6 endoplasms
  4 giant cockroaches
  3 hobgoblins
  A jackal (Sewer)
  2 quokkas
  3 ball pythons
  7 bats
  4 frilled lizards
  3 hobgoblin zombies (Ossuary)
  A kobold (D:3)
  6 kobold zombies (Ossuary)
  2 orc zombies (Ossuary)
  3 rats
  2 rat zombies (Ossuary)
65 creatures vanquished.

Vanquished Creatures (collateral kills)
  A centaur (D:5)
  2 kobold brigands (Sewer)
  A centaur zombie (Ossuary)
  2 hounds
  A jelly (D:6)
  A human zombie (Ossuary)
  2 iguanas
  An orc wizard (D:3)
  A mummy (Ossuary)
  4 river rats (Sewer)
  6 adders
  2 gnolls (D:6)
  A worm (D:2)
  A dart slug (D:2)
  3 orcs
  3 bats (D:1)
  8 endoplasms
  4 giant cockroaches
  9 goblins
  2 hobgoblins (D:3)
  3 jackals (D:1)
  8 kobolds
  A quokka (D:1)
  8 ball pythons
  5 frilled lizards
  9 hobgoblin zombies (Ossuary)
  3 jackal zombies (Ossuary)
  4 kobold zombies (Ossuary)
  3 orc zombies (Ossuary)
  6 rats
  2 rat zombies (Ossuary)
107 creatures vanquished.

Grand Total: 172 creatures vanquished

Notes
Turn   | Place    | Note
-------+----------+-------------------------------------------
     0 | D:1      | booth the Gnoll Summoner began the quest for the Orb.
     0 | D:1      | Reached XP level 1. HP: 13/13 MP: 6/6
    91 | D:1      | Reached XP level 2. HP: 20/20 MP: 5/7
   297 | D:1      | Learned a level 2 spell: Call Imp
   343 | D:1      | Reached skill level 5 in Spellcasting
   343 | D:1      | Reached XP level 3. HP: 25/25 MP: 5/9
   492 | D:1      | Learned a level 3 spell: Call Canine Familiar
   697 | D:2      | Reached skill level 1 in Invocations
   726 | D:2      | Learned a level 3 spell: Summon Guardian Golem
   958 | D:2      | Found Uruetruc's Weapon Emporium.
  1119 | D:2      | Reached skill level 1 in Fighting
  1119 | D:2      | Reached skill level 1 in Short Blades
  1119 | D:2      | Reached skill level 1 in Long Blades
  1119 | D:2      | Reached skill level 1 in Axes
  1119 | D:2      | Reached skill level 1 in Maces & Flails
  1119 | D:2      | Reached skill level 1 in Polearms
  1119 | D:2      | Reached skill level 1 in Staves
  1119 | D:2      | Reached skill level 1 in Ranged Weapons
  1119 | D:2      | Reached skill level 1 in Throwing
  1119 | D:2      | Reached skill level 1 in Armour
  1119 | D:2      | Reached skill level 1 in Shields
  1119 | D:2      | Reached skill level 1 in Unarmed Combat
  1119 | D:2      | Reached skill level 1 in Evocations
  1657 | D:2      | Reached XP level 4. HP: 30/32 MP: 4/11
  1799 | D:2      | Reached skill level 1 in Conjurations
  1799 | D:2      | Reached skill level 1 in Hexes
  1799 | D:2      | Reached skill level 1 in Necromancy
  1799 | D:2      | Reached skill level 1 in Translocations
  1799 | D:2      | Reached skill level 1 in Transmutations
  1799 | D:2      | Reached skill level 1 in Fire Magic
  1799 | D:2      | Reached skill level 1 in Ice Magic
  1799 | D:2      | Reached skill level 1 in Air Magic
  1799 | D:2      | Reached skill level 1 in Earth Magic
  1799 | D:2      | Reached skill level 1 in Poison Magic
  2029 | D:3      | Reached XP level 5. HP: 37/37 MP: 10/12
  2303 | D:3      | Found a transporter.
  2329 | D:3      | Found a transporter.
  2333 | D:3      | Noticed jujuben's ghost (amateur OpFE)
  2708 | D:4      | Learned a level 4 spell: Summon Lightning Spire
  3212 | D:4      | Reached XP level 6. HP: 29/44 MP: 11/13
  3322 | D:4      | Learned a level 2 spell: Wereblood
  3521 | D:5      | Entered Level 5 of the Dungeon
  3557 | D:5      | Reached skill level 5 in Dodging
  3710 | D:5      | Found a white marble altar of Elyvilon.
  3743 | D:5      | Found a bloodstained altar of Trog.
  3833 | D:5      | Found a sand-covered staircase.
  3849 | Ossuary  | Entered an ossuary
  4104 | Ossuary  | Reached XP level 7. HP: 22/51 MP: 11/15
  4413 | D:5      | Found a sacrificial altar of Ru.
  4413 | D:5      | Found a snail-covered altar of Cheibriados.
  4804 | D:6      | Found a glowing golden altar of the Shining One.
  4927 | D:6      | Found a glowing drain.
  4939 | D:6      | Reached skill level 5 in Stealth
  4953 | Sewer    | Entered a sewer
  5764 | D:6      | Reached XP level 8. HP: 58/58 MP: 11/16
  5806 | D:6      | Slain by a gnoll sergeant

Illustrated notes

Levels and vault maps discovered:
D:1:      minmay_arrival_nine_rooms, layout_rooms,
          nicolae_concentric_dashed_squares_wild
D:2:      minmay_razor_zed, layout_basic, serial_shops,
          nicolae_shop_hallway_plus
D:3:      layout_basic, gammafunk_ghost_arena
D:4:      layout_loops_cross, hangedman_decor_opposing
D:5:      layout_rooms, gammafunk_temple_overflow_pools,
          mainiacjoe_overflow_two_lobes, nicolae_ossuary_entry_ruins
D:6:      layout_gridville, mainiacjoe_overflow_boulevard,
          minmay_temple_entry_gardened_gates, gup_sewer_entry_glass

Skill      XL: |  1  2  3  4  5  6  7 |
---------------+----------------------+-----
Spellcasting   | 5 |  5.9
Invocations    | 1 2 3 |  3.3
Fighting       | 1 2 3 |  3.0
Short Blades   | 1 2 3 |  3.0
Long Blades    | 1 2 3 |  3.0
Axes           | 1 2 3 |  3.0
Maces & Flails | 1 2 3 |  3.0
Polearms       | 1 2 3 |  3.0
Staves         | 1 2 3 |  3.0
Ranged Weapons | 1 2 3 |  3.0
Throwing       | 1 2 3 |  3.0
Armour         | 1 2 3 |  3.0
Shields        | 1 2 3 |  3.0
Unarmed Combat | 1 2 3 |  3.0
Evocations     | 1 2 3 |  3.0
Conjurations   | 1 2 |  2.4
Hexes          | 1 2 |  2.4
Necromancy     | 1 2 |  2.4
Translocations | 1 2 |  2.4
Transmutations | 1 2 |  2.4
Fire Magic     | 1 2 |  2.4
Ice Magic      | 1 2 |  2.4
Air Magic      | 1 2 |  2.4
Earth Magic    | 1 2 |  2.4
Poison Magic   | 1 2 |  2.4
Dodging        | 5 |  5.5
Stealth        | 5 |  5.2
Summonings     | |  7.5

Action                     |  1- 3 |  4- 6 |  7- 9 || total
---------------------------+-------+-------+-------++-------
  Melee: Dagger            |    25 |       |       ||    25
         Whip              |    33 |   106 |    35 ||   174
         Bite              |     1 |    22 |     7 ||    30
         Punch             |     1 |     1 |     3 ||     5
         Hand axe          |       |    47 |    29 ||    76
  Throw: Dart              |       |       |     2 ||     2
   Cast: Summon Small Mamm |    10 |     2 |     5 ||    17
         Call Imp          |     7 |    15 |    20 ||    42
         Call Canine Famil |     1 |     8 |    13 ||    22
         Summon Guardian G |       |       |     1 ||     1
    Use: Scroll            |     2 |    10 |     3 ||    15
         Potion            |       |     4 |     2 ||     6
   Stab: Sleeping          |     1 |     1 |       ||     2
         Distracted        |       |       |     1 ||     1
 Armour: Robe              |    14 |     6 |       ||    20
         Leather armour    |       |    33 |    18 ||    51
  Dodge: Dodged            |    52 |    78 |    44 ||   174
  Block: Other             |     3 |    29 |    17 ||    49
         Reflection        |       |       |     3 ||     3
